 Dungeon Sprint DCSS version 0.31-a0-986-g5e6e4ef867 (webtiles) character file.

Game seed: 6850228398452748614

8 rocky1 the Changeling (level 2, 0/18 HPs)
             Began as an Octopode Shapeshifter on Nov 17, 2023.
             Slain by an iguana (11 damage)
             ... in the Dungeon (Sprint IX: "|||||||||||||||||||||||||||||").
             The game lasted 00:00:08 (24 turns).

rocky1 the Changeling (Octopode Shapeshifter)         Turns: 24, Time: 00:00:08

Health: 0/18       AC:  1    Str: 13    XL:     2   Next: 8%
Magic:  2/2        EV: 13    Int: 12    God:
Gold:   0          SH:  0    Dex: 11    Spells: 1/1 levels left

rFire   . .          .
                       - Unarmed
rCold   . . .        (no shield)
rNeg    . . .        (helmet currently unavailable)
rPois   .            (no amulet)
rElec   .            (no ring)
rCorr   .            (no ring)
SInv    .            (no ring)
Will    .....        (no ring)
Stlth   ++           (no ring)
HPRegen 0.23/turn    (no ring)
MPRegen 0.08/turn    (no ring)
                     (no ring)

%: no teleportation
@: beast-form, hasted, very quick
A: beast (slay +2), almost no armour, amphibious, 8 rings, camouflage 1,
gelatinous body 1, (nimble swimmer 1), tentacles
a: Begin Untransformation


You were in the Dungeon.
You were a hulking beast.
You visited 1 branch

Inventory:

Talismans
 b - a beast talisman
 c - a flux talisman
Scrolls
 i - a scroll of blinking
Potions
 a - a potion of lignification
 d - a potion of curing
 e - a potion of heal wounds
 g - 2 potions of magic
 h - a potion of berserk rage


   Skills:
 + Level 1.0 Fighting
 + Level 2.2 Dodging
 + Level 0.7 Stealth
 + Level 3.7 Unarmed Combat
 + Level 4.0 Shapeshifting


You had one spell level left.
You didn't know any spells.
Your spell library was empty.

Dungeon Overview and Level Annotations

Branches:
Dungeon (1/1)

Altars:


Innate Abilities, Weirdness & Mutations

You are a hulking beast.
Your limbs bulge with bestial killing power. (Slay +2)
You cannot wear most types of armour.
You are amphibious.
You can wear up to eight rings at the same time.
Your skin changes colour to match your surroundings (Stealth+).
Your rubbery body absorbs attacks. (AC +1, EV +1)
((You are camouflaged when in or above water. (Stealth+)))
You have tentacles for arms and can constrict up to eight enemies at once.


Message History

The rat barely misses you.
Items here: ( ) ††.
You completely miss the rat. You grab the rat. You constrict the rat.
The rat closely misses you.
You tentacle-slap the rat.
You kill the rat!
The bat closely misses you.
You tentacle-slap the bat.
You kill the bat!
You bludgeon the ball python!
You kill the ball python!
Things that are here:
a ball python corpse; a bat corpse As you open the door, it creaks loudly!
An adder, a jelly, 2 iguanas and an orc come into view.
The orc shouts!
The iguana hisses angrily.
The jelly quivers.
The adder hisses angrily.
You barely miss the orc. You grab the orc. You squeeze the orc.
The orc is lightly wounded.
You constrict the orc, but do no damage.
The orc hits you with a +0 club.
You tentacle-slap the orc. You squeeze the orc.
The orc is heavily wounded.
You constrict the orc, but do no damage.
The orc hits you with a +0 club.
You tentacle-slap the orc.
You kill the orc!
Your Shapeshifting skill increases to level 4!
You have reached level 2!
Unknown command.
Unknown command.
You feel yourself speed up.
The iguana bites you but does no damage.
You tentacle-slap the iguana. Your grab misses the iguana.
You tentacle-slap the iguana, but do no damage.
The iguana is moderately wounded.
The iguana bites you!
Ouch! That really hurt!
You die... ▓▓▓▓▓▓▓▓▓▓▓▓▓▓▓▓▓▓ +..lSJlh..†)'...<▓ ▓▓▓▓▓▓▓▓▓▓▓▓▓▓▓▓▓▓

You could see 2 iguanas, a jelly and an adder.

Vanquished Creatures
  An orc (D)
  A ball python (D)
  2 bats (D)
  A kobold (D)
  A rat (D)
6 creatures vanquished.

Notes
Turn   | Place    | Note
-------+----------+-------------------------------------------
     0 | D        | rocky1 the Octopode Shapeshifter began the quest for the
                  | Orb.
     0 | D        | Reached XP level 1. HP: 13/13 MP: 1/1
    19 | D        | Noticed an iguana
    19 | D        | Noticed a jelly
    19 | D        | Noticed an iguana
    23 | D        | Reached skill level 4 in Shapeshifting
    23 | D        | Reached XP level 2. HP: 10/18 MP: 2/2
    24 | D        | Slain by an iguana

Illustrated notes

Levels and vault maps discovered:
D:        linesprint [early_d, line_temple, items_1, d_10, items_2, lair_1,
          lair_end, items_3, orc_1, orc_end, items_4, d_15, swamp_1, shoals_1,
          snake_1, spider_1, d_20, vaults_1, items_5, swamp_end, shoals_end,
          snake_end, spider_end, vaults_end, d_27, items_6, zot_1, zot_end,
          crypt_end, forest_end, elf_end, slime_end, tomb_end, abyss_end,
          pan_hell_end]

Skill      XL: |  1 |
---------------+----+-----
Shapeshifting  | 4 |  4.0
Fighting       | |  1.0
Dodging        | |  2.2
Stealth        | |  0.7
Unarmed Combat | |  3.7

Action                     || total
---------------------------++-------
  Melee: Unarmed           ||    13
         Constrict         ||     4
         Tentacles         ||     4
         Punch             ||     1
    Use: Potion            ||     1
   Stab: Distracted        ||     1
 Armour: Skin              ||     6
  Dodge: Dodged            ||     7

Table legend: (Time is in decaauts)
 A = Elapsed time spent in this place.
 B = Non-inter-level travel time spent in this place.
 C = Inter-level travel time spent in this place.
 D = Time resting spent in this place.
 E = Time spent auto-exploring this place.
 F = Levels seen in this place.
 G = Mean time per level.
                   A        B        C        D        E       F      G
               +--------+--------+--------+--------+--------+-----+--------+
         Total |     23 |     23 |      0 |      0 |      0 |   1 |   23.0 |
       Dungeon |     23 |     23 |      0 |      0 |      0 |   1 |   23.0 |
               +--------+--------+--------+--------+--------+-----+--------+

Top non-repeatable levels by time:
       D: 23 daAuts
